woodfighter, chaotic female orcish Cavewoman --- -.. --..- ---- -.(..| --..--- .....--- --.....--- .......| .. |........--- - ..........- --.........--- .| .......... --- |...---.....---.-----........- |..--...| ---....................| |.......| --.....--.-...---- - |....G.-- --)......[.--- --...Q.| |.........| --...Q-- --......%.)| --...@| |........).--- --...| --.--.....%..| |..-- -----.|.^|..| ---- --------- woodfighter the Young Cave Woman Experience level: 7 Strength: 18/05 Dexterity: 15 Constitution: 13 Intelligence: 9 Wisdom: 12 Charisma: 7 Health: 0(51) Energy: 33(33) Def: 8 Gold: 26 Moves: 2801 Dungeon seed: wRUf3Tf2Wa7LRIGq Game ID: woodfighter_1476561752 Your Inventory: Coins $ - 26 gold pieces Weapons a - a blessed +1 elven spear (weapon in hand) b - 5 +0 dwarvish spears (in quiver) Armor e - an uncursed +0 Hawaiian shirt (being worn) f - an uncursed +0 dwarvish cloak n - an uncursed +0 helm of telepathy (being worn) q - an uncursed +0 leather armor (being worn) r - an uncursed +0 dwarvish cloak z - an uncursed +0 elven mithril-coat G - an uncursed +2 pair of iron shoes (being worn) L - an uncursed +0 pair of leather gloves (being worn) N - an uncursed +0 dwarvish cloak T - a blessed +0 dwarvish cloak (being worn) W - an uncursed +0 dwarvish cloak Y - an uncursed +0 dwarvish cloak Comestibles d - 3 uncursed food rations g - an uncursed tin of gecko meat u - an uncursed sprig of wolfsbane R - an uncursed lichen corpse Scrolls c - an uncursed scroll of earth Potions Z - an uncursed potion of water Tools y - an uncursed skeleton key A - a +0 pick-axe X - 6 uncursed tallow candles (0:200) Spells and supernatural/magical abilities: Name Level Category Fail Memory W - pray for help -- divine ? -- Your skills at the end: Miscellaneous Skills bare handed combat [Basic] Weapon Skills scimitar [Basic] club [Basic] sling [Basic] Spellcasting Skills Final Attributes: You were piously aligned. You were poison resistant. You were telepathic. You had infravision. You were fast. You were lucky. You are dead. Vanquished creatures: a large mimic a small mimic a giant spider 2 gnome kings a brown pudding a dingo 4 human zombies 5 gnome lords a gnomish wizard 6 giant ants a puppy 9 dwarves a kobold shaman 2 iguanas 2 hobbits 2 geckos a yellow mold a red mold 30 gnomes a fox a kobold 2 newts a goblin 7 grid bugs 6 lichens 2 kobold zombies 92 creatures vanquished. Voluntary challenges: You did not adorn yourself with jewelry or accessories. You did not cause conflict. You were not invisible. You did not have reflection. You were not displaced. You used a wielded weapon 163 times, starting on turn 6. You did not apply a unicorn horn. You did not use plumbed fixtures. You did not drink any magical draughts. You read items or engraved 2 times, starting on turn 2370. You never genocided any monsters. You never polymorphed an object. You never changed form. You used no wishes. You never split a pudding. You never wrote Elbereth's name. You never violated your personal moral code. Dungeon overview: The Dungeons of Doom: levels 1 to 4 Level 1 a long staircase Level 2 Level 3 a fountain Level 4 stairs to The Gnomish Mines The Gnomish Mines: levels 5 to 9 Level 5 stairs to The Dungeons of Doom Level 6 Level 7 many shops, a temple to Anshar, a magic chest, some fountains, some trees Level 8 Level 9 <- You were here History has recorded: On T:1 you entered the Dungeons of Doom to retrieve the Amulet of Yendor! On T:135 you reached level 2 of The Dungeons of Doom. On T:383 you advanced to experience level 2. On T:483 you reached level 3 of The Dungeons of Doom. On T:601 you advanced to experience level 3. On T:886 you reached level 4 of The Dungeons of Doom. On T:1251 you reached level 1 of The Gnomish Mines. On T:1322 you advanced to experience level 4. On T:1397 you reached level 2 of The Gnomish Mines. On T:1430 you advanced to experience level 5. On T:1685 you reached level 3 of The Gnomish Mines. On T:1753 you entered the Minetown temple On T:1769 you opened a magic chest. On T:1855 you advanced to experience level 6. On T:2108 you reached level 4 of The Gnomish Mines. On T:2326 you advanced to experience level 7. On T:2660 you reached level 5 of The Gnomish Mines. On T:2678 you prayed to Anshar. Score breakdown: Gold: 26 ( 2 points) Experience: 7 levels ( 600 points) Exploration: 9 levels ( 240 points) Discoveries: 13 items ( 650 points) Variety of kills: 26 monsters ( 1300 points) Major goal: reached Minetown ( 500 points) Survival: died (score multiplied by 3) Total score: 9876 Latest messages: The runed arrow hits the Green-elf! The gnome lord shoots a crossbow bolt! The crossbow bolt hits the Green-elf. The Green-elf picks up a runed arrow. The Green-elf picks up 2 yellowish brown gems. The Green-elf picks up a runed arrow. The Green-elf shoots a runed arrow! The runed arrow hits the Green-elf. You are beginning to feel hungry. The Green-elf picks up a runed arrow. The Green-elf wields a runed dagger! The Green-elf wields a runed bow! You jab the Green-elf. The Green-elf wields a runed dagger! The Green-elf swings her runed bow at the cavewoman. The Green-elf hits! The Green-elf punches you! You jab the Green-elf! The Green-elf wields a runed bow! The Green-elf swings her runed bow at the cavewoman. The Green-elf hits! The Green-elf punches you! The Green-elf wields a runed dagger! The Green-elf swings her runed bow at the cavewoman. The Green-elf hits! The Green-elf punches you! You die... Final status: Goodbye woodfighter the Cavewoman, killed by a Green-elf... You died in The Gnomish Mines on dungeon level 9 with 9876 points, and 26 pieces of gold, after 2801 moves. You were level 7 with a maximum of 51 hit points when you died.